 Dungeon Crawl Stone Soup version 0.14-a0-2432-g6b3afca (webtiles) character file.

4170 Herrn the Fighter (level 9, 0/87 HPs)
             Began as a Djinni Fighter on Feb 4, 2014.
             Was a Believer of Okawaru.
             Slain by a killer bee (3 damage)
             ... on Level 8 of the Dungeon.
             The game lasted 00:33:10 (7075 turns).

Herrn the Fighter (Djinni Fighter)                  Turns: 7075, Time: 00:33:10

HP   0/87        AC  9     Str 16      XL: 9   Next: 95%
MP   0/0         EV  4     Int  9      God: Okawaru [**....]
Gold 382         SH 19     Dex 16      Spells:  0 memorised,  8 levels left

rFire  + + +     SeeInvis .     y - +2 falchion (curse)
rCold  x . .     Clarity  .     F - +0 chain mail
rNeg   + + +     Conserve .     c - +1 shield
rPois  .         rCorr    .     (no helmet)
rElec  .         rRot     .     (no cloak)
SustAb . .       Spirit   .     (no gloves)
rMut   .         Warding  .     (boots unavailable)
Saprov . . .     Stasis   .     (no amulet)
MR     .....                    s - cursed +5,+5 ring of slaying
                                i - ring of invisibility

@: flying, mildly poisoned, not resistant to hostile enchantments, extremely
unstealthy
A: fire immunity, cold vulnerability, life protection 3
a: Heroism, Renounce Religion, Evoke Invisibility


You were on level 8 of the Dungeon.
You worshipped Okawaru.
Okawaru was pleased with you.
You were not hungry.

You visited 2 branches of the dungeon, and saw 9 of its levels.

You collected 382 gold pieces.

Inventory:

Hand weapons
 a - a cursed +0,-1 falchion
 h - a +3,+1 long sword
 y - a cursed +2,+2 falchion (weapon)
 B - a cursed +2,+2 whip of flaming
 D - a cursed +1,+1 great sword
Armour
 c - a +1 shield (worn)
 m - a +0 chain mail
 n - a +0 chain mail
 F - a +0 chain mail (worn)
Magical devices
 b - a wand of polymorph (0)
 o - a wand of confusion (4)
 C - a wand of frost (15)
 E - a wand of teleportation (0)
Scrolls
 e - 2 scrolls of fear
 f - a scroll of immolation {unknown}
 g - a scroll of curse armour {unknown}
 j - a scroll of noise {unknown}
 l - a scroll of curse jewellery {unknown}
 r - a scroll of blinking {unknown}
 w - a scroll of fog {unknown}
 x - 2 scrolls of recharging {unknown}
 z - 3 scrolls of teleportation
 G - a scroll of identify
Jewellery
 i - a ring of invisibility (left hand)
 s - a cursed +5,+5 ring of slaying (right hand)
Potions
 d - a potion of lignification {unknown}
 p - a potion of berserk rage {unknown}
 q - a potion of brilliance
 t - a potion of resistance {unknown}
 u - 3 potions of restore abilities
 v - 2 potions of heal wounds {unknown}
 A - a potion of invisibility


   Skills:
 * Level 9.5 Fighting
 + Level 8.9 Long Blades
 - Level 3.2 Armour
 - Level 3.0 Shields
 * Level 1.9 Invocations
 * Level 6.0 Evocations


You had 8 spell levels left.
You didn't know any spells.

Dungeon Overview and Level Annotations

Branches:
Dungeon (8/16)             Temple (1/1) D:5
   Lair: D:8-11

Altars:
Ashenzari
Cheibriados
Dithmengos
Elyvilon
Fedhas
Kikubaaqudgha
Makhleb
Nemelex Xobeh
Okawaru
Sif Muna
Vehumet
Yredelemnul
The Shining One


Innate Abilities, Weirdness & Mutations

You are immune to all types of fire, even holy and hellish.
You are vulnerable to cold.
You need no food.
You have no legs.
You are immune to negative energy.


Message History

You feel sick. You block the killer bee's attack.
The killer bee stings you but does no damage.
* * * LOW HITPOINT WARNING * * *
You feel sick.
* * * LOW HITPOINT WARNING * * *
You feel sick.
You feel better. The killer bee stings you.
* * * LOW HITPOINT WARNING * * *
You are poisoned.
The killer bee poisons you!
The killer bee stings you but does no damage.
The queen bee calls on the killer bee to defend her!
The killer bee goes berserk!
The killer bee stings you but does no damage.
The killer bee stings you!
* * * LOW HITPOINT WARNING * * *
The killer bee stings you.
* * * LOW HITPOINT WARNING * * *
The killer bee barely misses you. The killer bee stings you.
You die...

#....#......############..#
#....#....[.#...<......#..#
#....#......#..........#..#
#....#......#).........#..#
#'####......#..........#..#
............#..........#..#
....>.......#+#######'##..#
######...)................#
#.####..k.k@.........# #.#
#...............# #.#
#.###'#######...# #.#
#.#.........#...# #.#
#.#.........+...# #.#
#.#.........#...# ..#
#.#.........#...# ..#
#.#.........#.. #.#########


You could see a queen bee and a killer bee (berserk).

Vanquished Creatures
  A two-headed ogre (D:8)
  The ghost of Herrn the Skirmisher, an average DjFi of Okawaru (D:3)
  A grizzly bear (D:5)
  A golden eye (D:6)
  A hungry ghost (D:8)
  4 necrophages
  A swamp drake (D:6)
  A black bear (D:6)
  A slave (D:5)
  4 ogres
  A phantom (D:7)
  Sigmund (D:4)
  Duvessa (D:5)
  An elf zombie (D:7)
  Blork the orc (D:7)
  An elf skeleton (D:7)
  A giant frog (D:6)
  2 wights (D:7)
  A hippogriff zombie (D:7)
  7 killer bees (D:8)
  2 goliath beetles
  2 quasits
  3 crimson imps
  A hound (D:5)
  Dowan (D:5)
  A jelly (D:6)
  A giant frog zombie (D:7)
  2 human zombies (D:7)
  A black bear zombie (D:6)
  2 orc priests
  2 iguanas
  4 orc wizards
  2 scorpions (D:7)
  4 worker ants
  4 mummies (D:7)
  A worker ant zombie (D:5)
  7 gnolls
  A giant mite (D:3)
  7 adders
  4 worms
  An adder skeleton (D:7)
  2 giant eyeballs (D:5)
  7 giant geckos
  An ooze (D:1)
  15 orcs
  7 bats
  9 giant cockroaches
  6 goblins
  12 hobgoblins
  13 jackals
  14 kobolds
  6 giant newts
  A goblin skeleton (D:4)
  13 rats
  A rat skeleton (D:7)
  A butterfly (D:6)
194 creatures vanquished.

Notes
Turn   | Place    | Note
--------------------------------------------------------------
     0 | D:1      | Herrn, the Djinni Fighter, began the quest for the Orb.
     0 | D:1      | Reached XP level 1. HP: 16/16 MP: 0/0
   190 | D:1      | Reached XP level 2. EP: 21/23
   714 | D:2      | Reached XP level 3. EP: 29/29
  1277 | D:3      | Reached skill level 4 in Fighting
  1277 | D:3      | Reached XP level 4. EP: 37/37
  1341 | D:3      | Noticed Herrn's ghost (average DjFi)
  1366 | D:3      | Killed Herrn's ghost
  1366 | D:3      | Reached skill level 5 in Fighting
  1366 | D:3      | Reached XP level 5. EP: 23/45
  1366 | D:3      | Reached XP level 6. EP: 27/53
  3081 | D:4      | Reached skill level 6 in Fighting
  3081 | D:4      | Reached XP level 7. EP: 31/62
  3503 | D:5      | Entered Level 5 of the Dungeon
  3503 | D:5      | Noticed Sigmund
  3505 | D:5      | Noticed Duvessa
  3513 | D:4      | Killed Sigmund
  3523 | D:5      | Noticed Dowan
  3540 | D:5      | Reached skill level 5 in Long Blades
  3549 | D:5      | Killed Dowan
  3562 | D:5      | Killed Duvessa
  3998 | D:5      | Paralysed by a giant eyeball for 4 turns
  4024 | D:5      | Paralysed by a giant eyeball for 4 turns
  4090 | D:5      | Reached XP level 8. EP: 50/70
  4287 | D:5      | Noticed Pikel
  4295 | D:5      | Noticed Pikel
  4295 | D:5      | Pikel changed into Pikel the grizzly bear
  4310 | D:5      | Killed Pikel the grizzly bear
  4314 | D:5      | Reached skill level 7 in Fighting
  4323 | D:5      | Found a staircase to the Ecumenical Temple.
  4331 | Temple   | Entered the Ecumenical Temple
  4405 | Temple   | Became a worshipper of Warmaster Okawaru
  4659 | D:6      | Found a sparkling altar of Nemelex Xobeh.
  5561 | D:6      | Reached skill level 5 in Evocations
  5686 | D:6      | Reached skill level 8 in Fighting
  5846 | D:7      | Reached XP level 9. EP: 82/82
  5886 | D:7      | Acquired Okawaru's first power
  6379 | D:7      | Noticed Blork the orc
  6550 | D:7      | Found a basalt altar of Yredelemnul.
  6651 | D:7      | Reached skill level 1 in Invocations
  6744 | D:7      | Reached skill level 9 in Fighting
  6802 | D:7      | Killed Blork the orc
  7074 | D:8      | HP: 3/87 [killer bee (4)]
  7075 | D:8      | Slain by a killer bee

Action                   |  1- 3 |  4- 6 |  7- 9 || total
-------------------------+-------+-------+-------++-------
Melee: Falchion          |   122 |   155 |   469 ||   746
 Abil: Evoke Invisibilit |       |     3 |       ||     3
Evoke: Wand              |       |       |    13 ||    13
  Use: Scroll            |       |     6 |     8 ||    14
       Potion            |       |     1 |     4 ||     5
 Stab: Invisible         |       |     4 |       ||     4
